 Dungeon Crawl Stone Soup version 0.21-a0-140-g479285b (webtiles) character file.

19 Dustbunny the Sneak (level 2, -6/13 HPs)
             Began as a Spriggan Enchanter on July 19, 2017.
             Killed from afar by a dart slug (8 damage)
             ... with a slug dart
             ... on level 1 of the Dungeon.
             The game lasted 00:04:11 (1417 turns).

Dustbunny the Sneak (Spriggan Enchanter)            Turns: 1417, Time: 00:04:12

Health: -6/13      AC:  2    Str:  4    XL:     2   Next: 55%
Magic:  6/6        EV: 18    Int: 16    God:
Gold:   19         SH:  0    Dex: 16    Spells: 5/6 levels left

rFire    . . .     SeeInvis +   a - +1 dagger
rCold    . . .     Gourm    .   (shield restricted)
rNeg     . . .     Faith    .   b - +0 robe
rPois    .         Spirit   .   (helmet restricted)
rElec    .         Reflect  .   (no cloak)
rCorr    .         Harm     .   (gloves unavailable)
MR       .....                  (boots unavailable)
Stlth    +++.......             (no amulet)
HPRegen  0.04/turn              (no ring)
MPRegen  0.10/turn              (no ring)

@: very quick
A: unfitting armour, see invisible, herbivore 3, speed 3, slow metabolism 2
a: no special abilities


You were on level 1 of the Dungeon.
You were not hungry.

You visited 1 branch of the dungeon, and saw 1 of its levels.

You collected 19 gold pieces.

Inventory:

Hand Weapons
 a - a +1 dagger (weapon)
Missiles
 f - 11 poisoned needles
Armour
 b - a +0 robe (worn)
Scrolls
 e - a scroll of fog {unknown}
Books
 c - a book of Maledictions

   Spells                             Type                      Level
   a - Corona                         Hexes                        1
   b - Ensorcelled Hibernation        Hexes/Ice                    2
   c - Confuse                        Hexes                        3
   d - Tukima's Dance                 Hexes                        3
   e - Dazzling Spray                 Conjuration/Hexes            3
Comestibles
 d - a bread ration
 g - a fruit


   Skills:
 + Level 1.3 Short Blades
 + Level 3.1 Dodging
 + Level 5.0 Stealth
 + Level 2.9 Spellcasting
 + Level 4.0 Hexes


You had 5 spell levels left.
You knew the following spells:

 Your Spells              Type           Power        Failure   Level  Hunger
a - Corona                Hex            ###....      3%          1    #......


Dungeon Overview and Level Annotations

Branches:
Dungeon (1/15)

Altars:


Innate Abilities, Weirdness & Mutations

You are very small and have problems with some larger weapons.
You are too small for most types of armour.
You have supernaturally acute eyesight. (SInv)
You are a herbivore.
You cover ground extremely quickly.
You need consume almost no food.


Message History

You hit the dart slug.
The dart slug is moderately wounded.
The dart slug barely misses you.
You hit the dart slug.
The dart slug is heavily wounded.
The hobgoblin hits you with a club.
* * * LOW HITPOINT WARNING * * *
You hit the dart slug.
The dart slug is severely wounded.
The dart slug bites you.
* * * LOW HITPOINT WARNING * * *
The hobgoblin misses you.
You hit the dart slug but do no damage.
The dart slug is severely wounded.
You hit the dart slug.
The dart slug is severely wounded.
The dart slug launches a dart at you. The slug dart hits you!
Ouch! That really hurt!
You die...

.≈≈≈≈...........≈≈≈≈#.....#
..............≈≈≈≈≈≈#..##..#
.....≈≈≈≈≈≈≈≈≈≈≈≈≈≈≈#.## ..#
...≈≈≈≈≈≈≈≈≈≈≈≈≈≈≈≈.#.# ..#
≈≈≈≈≈≈≈≈≈≈≈≈≈≈...$(.#.#
≈≈≈≈≈≈......((....(.#.#
...................>#.#
#####################.###
.....s.........g@w......#
####.#####..###s#.....### #
#.#####..# #.####### #
#.##.....# #.. # #.##.###.#
#### # #s##.....#
####.##.###.#######
÷s...##.# #........
#######.###..######


You could see a dart slug, a giant cockroach and a hobgoblin.

Vanquished Creatures
  A dart slug (D:1)
  A leopard gecko (D:1)
  A goblin (D:1)
  2 hobgoblins (D:1)
  4 bats (D:1)
  2 frilled lizards (D:1)
  4 kobolds (D:1)
  3 rats (D:1)
18 creatures vanquished.

Notes
Turn   | Place    | Note
-------+----------+-------------------------------------------
     0 | D:1      | Dustbunny the Spriggan Enchanter began the quest for the Orb.
     0 | D:1      | Reached XP level 1. HP: 9/9 MP: 5/5
   610 | D:1      | Reached XP level 2. HP: 8/13 MP: 6/6
  1015 | D:1      | Reached skill level 5 in Stealth
  1417 | D:1      | Killed from afar by a dart slug

Vault maps used:
D:1:      dpeg_arrival_chase, minmay_bisected

Skill      XL: |  1  2 |
---------------+-------+-----
Stealth        | 5 |  5.0
Hexes          | 4 |  4.0
Short Blades   | |  1.3
Dodging        | |  3.1
Spellcasting   | |  2.9

Action                   || total
-------------------------++-------
Melee: Dagger            ||   129
 Stab: Sleeping          ||     1
Armor: Robe              ||    16
Dodge: Dodged            ||   120
